 Dungeon Crawl Stone Soup version 0.24.0-123-gd5b16e6ec5 (webtiles) character file.

Game seed: 14668624393273893943, levelgen mode: deterministic

95 Freitmort the Firebug (level 4, -1/24 HPs)
             Began as a Deep Elf Fire Elementalist on Feb 5, 2020.
             Slain by an orc wizard
             ... wielding a +0 dagger
              (3 damage)
             ... on level 2 of the Dungeon.
             The game lasted 00:12:01 (1693 turns).

Freitmort the Firebug (Deep Elf Fire Elementalist)  Turns: 1693, Time: 00:12:02

Health: -1/24      AC:  2    Str:  6    XL:     4   Next: 40%
Magic:  0/12       EV: 13    Int: 20    God:
Gold:   80         SH:  0    Dex: 15    Spells: 8/11 levels left

rFire    . . .     SeeInvis .   d - +0 short sword
rCold    . . .     Gourm    .   (no shield)
rNeg     . . .     Faith    .   a - +0 robe
rPois    .         Spirit   .   (no helmet)
rElec    .         Reflect  .   (no cloak)
rCorr    .         Harm     .   (no gloves)
MR       .....                  (no boots)
Stlth    ++........             (no amulet)
HPRegen  0.08/turn              (no ring)
MPRegen  0.13/turn              (no ring)

@: no status effects
A: no striking features
a: no special abilities


You were on level 2 of the Dungeon.
You were not hungry.

You visited 1 branch of the dungeon, and saw 2 of its levels.

You collected 80 gold pieces.

Inventory:

Hand Weapons
 d - a +0 short sword (weapon)
Armour
 a - a +0 robe (worn)
Jewellery
 h - a +5 ring of dexterity {unknown}
Scrolls
 e - a scroll of teleportation
 f - a scroll of identify
Potions
 b - a potion of flight
 i - 2 potions of agility {unknown}
 j - a potion of curing
 k - a potion of cancellation {unknown}
Comestibles
 c - 6 rations
 g - a chunk of flesh


   Skills:
 + Level 0.6 Short Blades
 + Level 2.7 Dodging
 + Level 2.7 Stealth
 + Level 4.1 Spellcasting
 + Level 2.2 Conjurations
 + Level 4.3 Fire Magic


You had 8 spell levels left.
You knew the following spells:

 Your Spells              Type           Power        Failure   Level  Hunger
a - Flame Tongue          Conj/Fire      ###..        3%          1    None
b - Throw Flame           Conj/Fire      ###...       4%          2    #......

Your spell library contained the following spells:

 Spells                   Type           Power        Failure   Level  Hunger
 Conjure Flame            Conj/Fire      ###.....     10%         3    ###....
 Inner Flame              Hex/Fire       ##......     16%         3    ###....
 Sticky Flame             Conj/Fire      ###.....     32%         4    ####...
 Fireball                 Conj/Fire      ###.......   65%         5    ######.


Dungeon Overview and Level Annotations

Branches:
Dungeon (2/15)

Altars:


Message History

The puff of flame hits you!
* * * LOW HITPOINT WARNING * * *
You see here a bone ring.
h - a bone ring The orc wizard drinks a potion.
The orc wizard is healed!
Casting: Throw Flame (safe; 4% risk of failure)
Confirm with . or Enter, or press ? or * to list all spells.
Aiming: Throw Flame (safe; 4% risk of failure)
Press: ? - help, Shift-Dir - straight line, f/p - orc wizard
Aim: an orc wizard, wielding a +0 dagger and wearing a +0 robe (moderately wounded, fast)
The puff of flame misses the orc wizard.
Casting: Throw Flame (safe; 4% risk of failure)
Confirm with . or Enter, or press ? or * to list all spells.
Aiming: Flame Tongue (safe; 3% risk of failure)
Press: ? - help, Shift-Dir - straight line, f/p - orc wizard
Aim: an orc wizard, wielding a +0 dagger and wearing a +0 robe (moderately wounded, fast)
The flame tongue hits the orc wizard but does no damage.
The orc wizard is moderately wounded.
The orc wizard hits you with a +0 dagger.
You die...

#.........†## ###...###...#
#........)†######...#####.#.#*
#..........................,.,
#..........#####..#.#####.#,**
#>.........# #>..##.# *,,,,,*
#..........###.####.# *,,,,,*
###########.........# *,,,,,*
#..o.....## *,,,,,* #..@....##
*,,,,** ######### *,,,,*
******


You could see an orc wizard.

Vanquished Creatures
  3 adders (D:2)
  A worm (D:2)
  3 dart slugs
  2 leopard geckos
  2 orcs (D:2)
  3 bats (D:2)
  7 giant cockroaches
  8 goblins
  3 hobgoblins
  7 jackals
  5 kobolds
  A quokka (D:2)
  2 frilled lizards
  4 rats
51 creatures vanquished.

Notes
Turn   | Place    | Note
-------+----------+-------------------------------------------
     0 | D:1      | Freitmort the Deep Elf Fire Elementalist began the quest
                  | for the Orb.
     0 | D:1      | Reached XP level 1. HP: 10/10 MP: 6/6
   131 | D:1      | Reached XP level 2. HP: 13/15 MP: 4/8
   656 | D:1      | Reached XP level 3. HP: 19/19 MP: 6/10
   914 | D:2      | Learned a level 2 spell: Throw Flame
  1338 | D:2      | Reached XP level 4. HP: 24/24 MP: 10/12
  1693 | D:2      | Slain by an orc wizard

Levels and vault maps discovered:
D:1:      saegor_arrival_simple_e, layout_rooms
D:2:      layout_rooms, first_ration

Skill      XL: |  1  2  3 |
---------------+----------+-----
Fire Magic     | 4 |  4.3
Spellcasting   | 4 |  4.1
Conjurations   | 2 |  2.2
Short Blades   | |  0.6
Dodging        | |  2.7
Stealth        | |  2.7

Action                   |  1- 3 |  4- 6 || total
-------------------------+-------+-------++-------
Melee: Short sword       |     1 |       ||     1
 Cast: Flame Tongue      |    65 |    23 ||    88
       Throw Flame       |       |    10 ||    10
  Use: Scroll            |     4 |       ||     4
  Eat: Chunk             |     1 |     1 ||     2
Armor: Robe              |       |     2 ||     2
Dodge: Dodged            |    16 |     8 ||    24
